 Dungeon Sprint DCSS version 0.30.1-11-g7821555f0a (webtiles) character file.

Game seed: 8434825209058845698

98 Heoruswealwe the Poker (level 4, -5/45 HPs)
             Began as a Minotaur Fighter on Nov 2, 2023.
             Slain by a troll (10 damage)
             ... in the Dungeon (Sprint IX: "|||||||||||||||||||||||||||||").
             The game lasted 00:01:05 (117 turns).

Heoruswealwe the Poker (Minotaur Fighter)            Turns: 117, Time: 00:01:06

Health: -5/45      AC:  7    Str: 22    XL:     4   Next: 43%
Magic:  3/3        EV:  9    Int:  5    God:
Gold:   0          SH:  4    Dex: 10    Spells: 3/3 levels left

rFire   . . .        a - +0 trident
rCold   . . .        d - +0 buckler
rNeg    . . .        c - +0 scale mail
rPois   .            (helmet restricted)
rElec   .            (no cloak)
rCorr   .            (no gloves)
SInv    .            (no boots)
Will    .....        (no amulet) Stlth
                     (no ring)
HPRegen 0.27/turn    (no ring)
MPRegen 0.08/turn

%: no teleportation
@: no status effects
A: horns 2, retaliatory headbutt
a: no special abilities


You were in the Dungeon.
You visited 1 branch

Inventory:

Hand Weapons
 a - a +0 trident (weapon)
Armour
 c - a +0 scale mail (worn)
 d - a +0 buckler (worn)
Jewellery
 m - a +3 ring of dexterity
 n - a +3 ring of strength
Wands
 l - a wand of iceblast (10)
Scrolls
 j - 2 scrolls of blinking
 k - 2 scrolls of amnesia
Potions
 b - a potion of might
 e - a potion of invisibility
 f - 2 potions of heal wounds
 g - a potion of haste
 h - 4 potions of curing
 i - a potion of berserk rage


   Skills:
 + Level 6.4 Fighting
 * Level 7.8 Polearms
 + Level 6.4 Armour
 - Level 3.6 Shields


You had 3 spell levels left.
You didn't know any spells.
Your spell library was empty.

Dungeon Overview and Level Annotations

Branches:
Dungeon (1/1)

Altars:
Cheibriados
Dithmenos
Elyvilon
Fedhas
Gozag
Hepliaklqana
Kikubaaqudgha
Makhleb
Nemelex Xobeh
Okawaru
Qazlal
Ru
Sif Muna
Trog
Uskayaw
Vehumet
Wu Jian
Xom
Yredelemnul
Zin
The Shining One
Jiyva
Lugonu


Innate Abilities, Weirdness & Mutations

You have a pair of horns on your head.
You reflexively headbutt those who attack you in melee.


Message History

There is an open door here.
Found a +3 ring of dexterity.
e - a potion of invisibility;
f - 2 potions of heal wounds
h - 4 potions of curing You see here 2 potions of magic.
Found a +3 ring of strength.
k - 2 scrolls of amnesia;
j - 2 scrolls of blinking (gained 1)
l - a wand of iceblast (10)
Items here: )))))).
Okay, then.
You see here a +0 pair of gloves.
You see here a +0 pair of gloves.
You see here a +2 ring mail.
m - a +3 ring of dexterity
n - a +3 ring of strength As you open the door, it creaks loudly!
A wyvern, 2 yaks, a two-headed ogre and 2 trolls come into view.
The yak bellows!
The wyvern hisses angrily.
The troll shouts!
The yak bellows!
The two-headed ogre shouts in stereo!
The troll shouts!
You puncture the troll! Your headbutt misses the troll.
The troll is moderately wounded.
You hit the troll. Your headbutt misses the troll.
The troll is heavily wounded.
The troll bites you. You block the troll's attack. The troll barely misses you.
You barely miss the troll.
The troll is moderately wounded.
The troll misses you. The troll claws you but does no damage.
The troll claws you.
* * * LOW HITPOINT WARNING * * *
You hit the troll but do no damage. Your headbutt misses the troll.
The troll is moderately wounded.
You block the troll's attack. The troll claws you.
* * * LOW HITPOINT WARNING * * *
The troll claws you.
* * * LOW HITPOINT WARNING * * *
You hit the troll.
The troll is heavily wounded.
The troll barely misses you. You furiously retaliate!
You headbutt the troll. The troll barely misses you. The troll claws you!
You die...

▓.▓
▓Y▓
▓l▓
▓T▓
▓Y▓
▓O▓
▓T▓
▓@▓
▓.▓
▓[▓
▓[▓
▓[▓
▓.▓
▓)▓
▓.▓
▓!▓


You could see a two-headed ogre, 2 yaks, 2 trolls and a wyvern.

Vanquished Creatures
  A hound (D)
  2 iguanas (D)
  An adder (D)
  An endoplasm (D)
  A goblin (D)
  A hobgoblin (D)
  A jackal (D)
  2 kobolds (D)
10 creatures vanquished.

Notes
Turn   | Place    | Note
-------+----------+-------------------------------------------
     0 | D        | Heoruswealwe the Minotaur Fighter began the quest for the
                  | Orb.
     0 | D        | Reached XP level 1. HP: 19/19 MP: 0/0
     7 | D        | Reached skill level 3 in Polearms
    38 | D        | Noticed a hound
    38 | D        | Noticed an iguana
    38 | D        | Noticed an iguana
    46 | D        | Killed an iguana
    47 | D        | Reached skill level 5 in Fighting
    47 | D        | Reached skill level 5 in Polearms
    47 | D        | Reached skill level 5 in Armour
    47 | D        | Reached XP level 2. HP: 3/29 MP: 1/1
    47 | D        | Reached XP level 3. HP: 4/36 MP: 2/2
    52 | D        | Reached skill level 6 in Polearms
    60 | D        | Reached skill level 7 in Polearms
    60 | D        | Reached XP level 4. HP: 8/44 MP: 3/3
    70 | D        | Found a snail-covered altar of Cheibriados.
    70 | D        | Found a shadowy altar of Dithmenos.
    70 | D        | Found a white marble altar of Elyvilon.
    70 | D        | Found a blossoming altar of Fedhas.
    70 | D        | Found an opulent altar of Gozag.
    71 | D        | Found a hazy altar of Hepliaklqana.
    72 | D        | Found a viscous altar of Jiyva.
    73 | D        | Found an ancient bone altar of Kikubaaqudgha.
    74 | D        | Found a corrupted altar of Lugonu.
    75 | D        | Found a burning altar of Makhleb.
    76 | D        | Found a sparkling altar of Nemelex Xobeh.
    77 | D        | Found an iron altar of Okawaru.
    78 | D        | Found a stormy altar of Qazlal.
    79 | D        | Found a sacrificial altar of Ru.
    80 | D        | Found a shimmering blue altar of Sif Muna.
    81 | D        | Found a bloodstained altar of Trog.
    82 | D        | Found a hide-covered altar of Uskayaw.
    83 | D        | Found a radiant altar of Vehumet.
    84 | D        | Found an ornate altar of the Wu Jian Council.
    85 | D        | Found a shimmering altar of Xom.
    86 | D        | Found a basalt altar of Yredelemnul.
    87 | D        | Found a glowing silver altar of Zin.
    88 | D        | Found a glowing golden altar of the Shining One.
   112 | D        | Noticed a yak
   112 | D        | Noticed a wyvern
   112 | D        | Noticed a troll
   112 | D        | Noticed a yak
   112 | D        | Noticed a two-headed ogre
   112 | D        | Noticed a troll
   117 | D        | Slain by a troll

Illustrated notes

Levels and vault maps discovered:
D:        linesprint [early_d, line_temple, items_1, d_10, items_2, lair_1,
          lair_end, items_3, orc_1, orc_end, items_4, d_15, swamp_1, shoals_1,
          snake_1, spider_1, d_20, vaults_1, items_5, swamp_end, shoals_end,
          snake_end, spider_end, vaults_end, d_27, items_6, zot_1, zot_end,
          crypt_end, forest_end, elf_end, slime_end, tomb_end, abyss_end,
          pan_hell_end]

Skill      XL: |  1  2  3  4 |
---------------+-------------+-----
Polearms       | 5 7 |  7.8
Fighting       | 5 6 |  6.4
Armour         | 5 6 |  6.4
Shields        | |  3.6

Action                     |  1- 3 |  4- 6 || total
---------------------------+-------+-------++-------
  Melee: Trident           |    33 |     9 ||    42
         Headbutt          |     4 |       ||     4
    Use: Potion            |     2 |       ||     2
 Armour: Scale mail        |     5 |     2 ||     7
  Dodge: Dodged            |    11 |     4 ||    15
  Block: Buckler           |     5 |     4 ||     9
